 Dungeon Crawl Stone Soup version 0.20-a0-854-g0cc194a (webtiles) character file.

9090 nikopol the Thaumaturge (level 11, 0/54 HPs)
             Began as a Deep Elf Fire Elementalist on Mar 11, 2017.
             Was a Priest of Vehumet.
             Slain by an elephant (7 damage)
             ... on level 8 of the Dungeon on Mar 12, 2017.
             The game lasted 01:13:08 (13328 turns).

nikopol the Thaumaturge (DEFE)                     Turns: 13328, Time: 01:13:09

Health: 0/54       AC:  9    Str:  8    XL:     11   Next: 18%
Magic:  28/28      EV: 18    Int: 24    God:    Vehumet [***...]
Gold:   536        SH:  0    Dex: 15    Spells: 19/32 levels left

rFire    . . .     SeeInvis .   l - +6 short sword "Elf's Peril" {elec, rElec MR+ Str+3}
rCold    . . .     Gourm    .   M - +2 robe {MR+}
rNeg     . . .     Faith    .   (no shield)
rPois    .         Spirit   .   m - +0 helmet
rElec    +         Reflect  .   I - +0 cloak
rCorr    .         Harm     .   C - +2 pair of gloves
MR       ++++.                  (no boots)
Stlth    ++........             (no amulet)
Regen    0.2/turn               f - ring of protection from magic
MPRegen  0.3/turn               p - ring of wizardry

@: no status effects
A: no striking features
a: Renounce Religion


You were on level 8 of the Dungeon.
You worshipped Vehumet.
Vehumet was most pleased with you.
You were not hungry.

You visited 2 branches of the dungeon, and saw 10 of its levels.
You also visited: Ossuary.

You collected 536 gold pieces.

Inventory:

Hand Weapons
 l - the +6 short sword "Elf's Peril" (weapon) {elec, rElec MR+ Str+3}
   (You found it on level 8 of the Dungeon)

   Occasionally, upon striking a foe, it will discharge some electrical energy
   and cause terrible harm.
   It affects your strength (+3).
   It insulates you from electricity.
   It affects your resistance to hostile enchantments.
 L - a +2 whip of freezing
Armour
 m - a +0 helmet (worn)
 C - a +2 pair of gloves (worn)
 I - a +0 cloak (worn)
 M - a +2 robe of magic resistance (worn)
Jewellery
 f - a ring of protection from magic (right hand)
 p - a ring of wizardry (left hand)
 v - an uncursed ring of poison resistance
 z - an uncursed ring of resist corrosion
 G - an uncursed ring of protection from fire
 J - an uncursed ring of protection from cold
Wands
 a - a wand of iceblast (11/15)
 A - a wand of paralysis (15/24)
 H - a wand of flame (32/48)
 K - a wand of clouds (4/9)
Scrolls
 d - 3 scrolls of remove curse
 h - a scroll of enchant weapon {unknown}
 i - a scroll of fear {unknown}
 j - a scroll of identify
 k - 2 scrolls of teleportation
 o - 3 scrolls of enchant armour {unknown}
 s - 3 scrolls of blinking {unknown}
 x - a scroll of fog {unknown}
 y - 3 scrolls of immolation {unknown}
 N - a scroll of summoning {unknown}
Potions
 e - 4 potions of degeneration
 n - a potion of magic
 q - 3 potions of ambrosia
 r - 4 potions of curing
 t - a potion of cancellation
 B - a potion of heal wounds
 E - a potion of lignification {unknown}
 F - a potion of resistance {unknown}
 O - a potion of invisibility {unknown}
Books
 b - a book of Flames

   Spells                             Type                      Level
   a - Flame Tongue                   Conjuration/Fire             1
   b - Throw Flame                    Conjuration/Fire             2
   c - Conjure Flame                  Conjuration/Fire             3
   d - Inner Flame                    Hexes/Fire                   3
   e - Sticky Flame                   Conjuration/Fire             4
   f - Fireball                       Conjuration/Fire             5
 w - a book of Misfortune

   Spells                             Type                      Level
   a - Confusing Touch                Hexes                        1
   b - Confuse                        Hexes                        3
   c - Gell's Gravitas                Translocation                3
   d - Petrify                        Transmutation/Earth          4
   e - Metabolic Englaciation         Hexes/Ice                    5
   f - Yara's Violent Unravelling     Hexes/Transmutation          5
Comestibles
 c - 2 chunks of flesh
 g - 5 meat rations
 u - 7 fruits
 D - 5 bread rations


   Skills:
 + Level 8.8 Dodging
 - Level 2.9 Stealth
 * Level 11.4 Spellcasting
 * Level 9.5 Conjurations
 * Level 10.1 Fire Magic
 + Level 6.1 Evocations


You had 19 spell levels left.
You knew the following spells:

 Your Spells              Type           Power        Failure   Level  Hunger
a - Flame Tongue          Conj/Fire      #####        1%          1    None
b - Throw Flame           Conj/Fire      ######       1%          2    None
c - Conjure Flame         Conj/Fire      ######..     1%          3    None
d - Fireball              Conj/Fire      ######....   1%          5    ####...
e - Shock                 Conj/Air       ####         1%          1    None
f - Freeze                Ice            ##..         1%          1    None


Dungeon Overview and Level Annotations

Branches:
Dungeon (9/15)             Temple (1/1) D:6             Orc (0/2) D:9
   Lair: D:8-11

Altars:
Ashenzari
Cheibriados
Dithmenos
Elyvilon
Fedhas
Gozag
Hepliaklqana
Kikubaaqudgha
Makhleb
Nemelex Xobeh
Okawaru
Qazlal
Ru
Sif Muna
Trog
Uskayaw
Vehumet
Wu Jian
Xom
Yredelemnul
Zin
The Shining One


Message History

Some of the chunks of flesh in your inventory have rotted away.
The elephant tramples you but does no damage.
The elephant trunk-slaps you but does no damage.
Okay, then.
Okay, then.
There is a stone staircase leading up here.
The elephant closely misses you. The elephant completely misses you.
You climb upwards.
There is a stone staircase leading down here.
The elephant tramples you.
* * * LOW HITPOINT WARNING * * *
You hold your ground!
The elephant closely misses you.
As you read the scroll of identify, it crumbles to dust.
t - a potion of cancellation The elephant tramples you but does no damage.
The elephant trunk-slaps you but does no damage.
As you read the scroll of identify, it crumbles to dust.
B - a potion of heal wounds The elephant tramples you!
You die...

#.#.#.#.........# #.# #..#
#.#.#.#.#######.# #.# #...
#.....#.# #.# #.# #.#.
###.###.#######.##########.###.#.
.)).#.#.#..................#.....
.##.#.#.#.#####.################.
.####.####....#..................
.#≈≈..≈≈≈####.###################
)#≈≈.§.≈≈#......@Y...............
.#≈.§§§§.####.###################
.....§§§....#.##.................
##≈.§..§.##.#.##.##########..####
#≈≈...≈≈##.#.##.#........#..#
#≈≈≈.≈≈≈##)#.##.#.##....##..#
####.#####.#.##.#.##.##.##..#
#.##.##.#.##.#.##.#####..#
#.##.##.#.##.#.##........#


You could see an elephant.

Vanquished Creatures
  Erica (D:8)
  2 two-headed ogres
  Pikel (D:7)
  Psyche (D:8)
  Grinder (D:6)
  A hippogriff (D:9)
  3 wraiths
  A yak (D:9)
  A hungry ghost (D:7)
  3 orc warriors (D:7)
  3 ice beasts (D:8)
  A black bear (D:8)
  2 slaves (D:7)
  A sky beast (D:7)
  6 ogres
  8 centaurs
  A wolf (D:8)
  2 crocodiles
  A big kobold (D:8)
  9 bullfrogs
  An elf skeleton (D:7)
  A scorpion (D:4)
  2 water moccasin skeletons
  The ghost of Malog the Ruffian, a weakling NaTm (D:3)
  4 wights
  2 electric eels (D:8)
  A howler monkey (D:7)
  6 crimson imps
  3 bullfrog zombies
  A quasit (D:6)
  4 hounds
  A jelly (D:5)
  2 orc priests
  4 human zombies (D:7)
  Crazy Yiuf (D:7)
  3 centaur skeletons
  5 bullfrog skeletons
  A gnoll shaman (D:7)
  An iguana (D:8)
  5 worker ants
  14 orc wizards
  7 big kobold zombies (Ossuary)
  A centaur simulacrum (D:8)
  2 mummies
  A howler monkey zombie (D:9)
  A worker ant zombie (D:6)
  2 howler monkey skeletons
  13 gnolls
  9 adders
  A shadow imp (D:8)
  2 white imps (D:8)
  An ufetubus (D:8)
  An ooze (D:7)
  2 worms (D:2)
  3 adder skeletons
  A dart slug (D:2)
  8 leopard geckos
  23 orcs
  5 giant cockroaches
  5 gnoll zombies (Ossuary)
  12 hobgoblins
  29 jackals
  3 quokkas
  11 bats
  2 bat simulacra (Ossuary)
  3 frilled lizards
  15 goblins
  A goblin simulacrum (Ossuary)
  3 goblin zombies (Ossuary)
  4 hobgoblin zombies (Ossuary)
  10 kobolds
  3 kobold simulacra (Ossuary)
  5 kobold zombies (Ossuary)
  A leopard gecko zombie (D:6)
  8 orc zombies
  A quokka skeleton (D:8)
  2 quokka zombies
  7 rats
  5 rat simulacra (Ossuary)
  2 spectral goblins (Ossuary)
  2 spectral kobolds (Ossuary)
  4 spectral rats (Ossuary)
333 creatures vanquished.

Vanquished Creatures (others)
  2 slaves (D:7)
  A centaur (D:7)
  A gnoll (D:7)
  A shadow imp (D:7)
  2 orcs (D:7)
  A jackal (D:7)
8 creatures vanquished.

Grand Total: 341 creatures vanquished

Notes
Turn   | Place    | Note
-------+----------+-------------------------------------------
     0 | D:1      | nikopol the Deep Elf Fire Elementalist began the quest for the Orb.
     0 | D:1      | Reached XP level 1. HP: 10/10 MP: 6/6
   148 | D:1      | Reached XP level 2. HP: 15/15 MP: 2/8
   539 | D:1      | Reached XP level 3. HP: 19/19 MP: 6/10
   678 | D:1      | Learned a level 2 spell: Throw Flame
  1321 | D:2      | Reached skill level 4 in Spellcasting
  1434 | D:2      | Reached XP level 4. HP: 24/24 MP: 6/12
  1443 | D:2      | Found a faded altar of an unknown god.
  1661 | D:2      | Found a shadowy altar of Dithmenos.
  1846 | D:2      | Learned a level 3 spell: Conjure Flame
  2013 | D:3      | Found a sparkling altar of Nemelex Xobeh.
  2013 | D:3      | Noticed Malog's ghost (weakling NaTm)
  2335 | D:3      | Reached XP level 5. HP: 19/28 MP: 1/14
  2559 | D:3      | Killed Malog's ghost
  2840 | D:3      | Found a glowing golden altar of the Shining One.
  2840 | D:3      | Found a stormy altar of Qazlal.
  2865 | D:3      | Reached skill level 5 in Spellcasting
  2931 | D:3      | Found an iron altar of Okawaru.
  3303 | D:4      | Found a sand-covered staircase.
  3315 | D:4      | Reached XP level 6. HP: 25/32 MP: 10/15
  3321 | Ossuary  | Entered an ossuary
  4670 | D:4      | Reached skill level 5 in Dodging
  5018 | D:4      | Reached XP level 7. HP: 21/36 MP: 10/17
  5431 | D:4      | Reached skill level 6 in Spellcasting
  5431 | D:4      | Reached skill level 5 in Fire Magic
  5524 | D:5      | Entered Level 5 of the Dungeon
  5638 | D:5      | Reached skill level 1 in Evocations
  5932 | D:5      | Found a deep blue altar of Sif Muna.
  6024 | D:5      | Found a shattered altar of Ashenzari.
  6024 | D:5      | Found a burning altar of Makhleb.
  6157 | D:6      | Learned a level 5 spell: Fireball
  6161 | D:6      | Found an opulent altar of Gozag.
  6222 | D:6      | Noticed Grinder
  6325 | D:6      | Killed Grinder
  6325 | D:6      | Reached skill level 7 in Spellcasting
  6325 | D:6      | Reached skill level 5 in Conjurations
  6325 | D:6      | Reached XP level 8. HP: 41/41 MP: 3/20
  6829 | D:6      | Found a staircase to the Ecumenical Temple.
  6871 | Temple   | Entered the Ecumenical Temple
  6908 | Temple   | Became a worshipper of Vehumet
  7334 | D:6      | Reached skill level 8 in Spellcasting
  7664 | D:7      | Reached XP level 9. HP: 32/45 MP: 2/23
  7863 | D:7      | Found a sparkling altar of Nemelex Xobeh.
  7919 | D:7      | Noticed Pikel
  7925 | D:7      | Killed Pikel
  8034 | D:7      | Reached * piety under Vehumet
  8034 | D:7      | Offered knowledge of Shock by Vehumet.
  8038 | D:7      | Learned a level 1 spell: Shock
  8078 | D:7      | Reached skill level 9 in Spellcasting
  8665 | D:7      | Found a runed door.
  8669 | D:7      | Noticed Crazy Yiuf
  8671 | D:7      | Killed Crazy Yiuf
  9020 | D:7      | Found a basalt altar of Yredelemnul.
 10100 | D:7      | Reached XP level 10. HP: 35/50 MP: 1/25
 10574 | D:7      | Reached skill level 10 in Spellcasting
 10610 | D:7      | Offered knowledge of Freeze by Vehumet.
 10613 | D:7      | Learned a level 1 spell: Freeze
 10626 | D:7      | Reached ** piety under Vehumet
 10994 | D:8      | Got a pitted short sword
 10995 | D:8      | Identified the +6 short sword "Elf's Peril" {elec, rElec MR+ Str+3} (You found it on level 8 of the Dungeon)
 11179 | D:8      | Reached skill level 5 in Evocations
 11197 | D:8      | Noticed Psyche
 11198 | D:8      | Killed Psyche
 11299 | D:8      | Noticed Erica
 11303 | D:8      | Killed Erica
 11900 | D:8      | Noticed a two-headed ogre
 11911 | D:8      | Killed a two-headed ogre
 11911 | D:8      | Reached skill level 11 in Spellcasting
 12522 | D:9      | Noticed a two-headed ogre
 12531 | D:9      | Killed a two-headed ogre
 12531 | D:9      | Reached XP level 11. HP: 54/54 MP: 9/28
 12688 | D:8      | Offered knowledge of Ignite Poison by Vehumet.
 12688 | D:8      | Reached skill level 10 in Fire Magic
 13048 | D:9      | Found a staircase to the Orcish Mines.
 13097 | D:9      | Found a blossoming altar of Fedhas.
 13168 | D:9      | Reached *** piety under Vehumet
 13328 | D:8      | Slain by an elephant

Vault maps used:
D:1:      lightli_arrival_boilingwater
D:2:      grunt_dithmenos_smoke_and_mirrors,
          chequers_ecumenical_altar_simple_redux
D:3:      lemuel_crystal_altar, kennysheep_okawaru_gauntlet,
          gammafunk_temple_overflow_wave, minmay_cut_off
D:4:      nicolae_ossuary_entry_ruins
D:5:      cheibrodos_helix_gallery, kennysheep_mini_moat,
          gammafunk_temple_overflow_elements, first_bread
D:6:      temple_doors_e, serial_undead, serial_undead_d, serial_undead_c,
          serial_undead_b, serial_undead_f, st_stairs_5, hangedman_decor_push,
          hangedman_decor_clover_reticule,
          nicolae_gozag_cash_rules_everything_around_me, uniq_grinder
D:7:      lemuel_mausoleum_altar_yredelemnul, grunt_ministairs_9,
          grunt_ogre_cave, minmay_door_square, nemelex_diamond_rough_becter,
          uniq_pikel, uniq_crazy_yiuf_cottage
D:8:      serial_ice, serial_ice_b, serial_ice_k, serial_ice_d, serial_ice_m,
          uniq_erica, uniq_psyche
D:9:      david_lair_generic, orc_0_dummy, serial_shops, kennysheep_mini,
          corexii_checkpoint_a, fedhas_altar_3
Temple:   nicolae_temple_god_jail
Ossuary:  ossuary_zaba_two_paths

Skill      XL: |  1  2  3  4  5  6  7  8  9 10 11 |
---------------+----------------------------------+-----
Dodging        | 3 4 5 6 7 8 |  8.8
Conjurations   | 2 3 4 5 6 7 9 |  9.5
Spellcasting   | 4 5 7 8 9 11 | 11.4
Fire Magic     | 4 5 7 8 9 10 | 10.1
Evocations     | 2 3 4 5 6 |  6.1
Stealth        | |  2.9

Action                   |  1- 3 |  4- 6 |  7- 9 | 10-12 || total
-------------------------+-------+-------+-------+-------++-------
Melee: Short sword       |     6 |       |       |    13 ||    19
       Dagger            |     8 |    17 |    29 |       ||    54
       Whip              |       |       |    22 |     4 ||    26
 Cast: Flame Tongue      |    78 |   251 |   273 |   158 ||   760
       Throw Flame       |       |     9 |     5 |    12 ||    26
       Fireball          |       |       |    33 |    24 ||    57
       Shock             |       |       |     2 |    43 ||    45
       Freeze            |       |       |       |     6 ||     6
       Conjure Flame     |       |       |       |     3 ||     3
  Use: Scroll            |       |     2 |    10 |     2 ||    14
       Potion            |       |       |     2 |     1 ||     3
  Eat: Chunk             |     1 |     7 |    18 |    12 ||    38
       Bread ration      |       |     1 |       |       ||     1
       Fruit             |       |       |     3 |       ||     3
       Royal jelly       |       |       |       |     1 ||     1
Armor: Robe              |    10 |    13 |    51 |    21 ||    95
Dodge: Dodged            |    33 |    55 |   182 |    73 ||   343
